 Dungeon Crawl Stone Soup version 0.21.1-1-g345015fe64 (webtiles) character file.

56 Fascinator the Skirmisher (level 3, 0/31 HPs)
             Began as a Mummy Chaos Knight on June 23, 2018.
             Slain by a jackal (1 damage)
             ... on level 1 of the Dungeon.
             The game lasted 00:02:12 (937 turns).

Fascinator the Skirmisher (Mummy Chaos Knight)       Turns: 937, Time: 00:02:13

Health: 0/31       AC:  5    Str: 16    XL:     3   Next: 69%
Magic:  3/3        EV: 11    Int: 11    God:    Xom [.....*]
Gold:   70         SH:  0    Dex: 11    Spells: 2/2 levels left

rFire    . . .     SeeInvis .   a - +0 hand axe (chaos)
rCold    + . .     Gourm    .   (no shield)
rNeg     + + +     Faith    .   b - +2 leather armour
rPois    ∞         Spirit   .   (no helmet)
rElec    .         Reflect  .   (no cloak)
rCorr    .         Harm     .   (no gloves)
MR       .....                  (no boots)
Stlth    +.........             (no amulet)
HPRegen  0.10/turn              g - ring of protection from fire
MPRegen  0.08/turn              (no ring)

@: no status effects
A: no food or potions, fire vulnerability, cold resistance 1, negative energy
resistance 3, torment resistance, unbreathing
a: Renounce Religion


You were on level 1 of the Dungeon.
You worshipped Xom.
You were Xom's teddy bear.
You were not hungry.

You visited 1 branch of the dungeon, and saw 2 of its levels.

You collected 70 gold pieces.

Inventory:

Hand Weapons
 a - a +0 hand axe of chaos (weapon)
Missiles
 d - 68 stones (quivered)
Armour
 b - a +2 leather armour (worn)
Jewellery
 g - a ring of protection from fire (left hand)
Scrolls
 c - a scroll of fog {unknown}
 e - a scroll of identify {unknown}
 f - a scroll of teleportation {unknown}


   Skills:
 + Level 4.7 Fighting
 - Level 2.4 Axes
 - Level 1.5 Armour
 - Level 0.7 Dodging


You had 2 spell levels left.
You didn't know any spells.

Dungeon Overview and Level Annotations

Branches:
Dungeon (2/15)

Altars:


Innate Abilities, Weirdness & Mutations

You do not eat or drink.
Your flesh is vulnerable to fire.
You are immune to poison.
Your flesh is cold resistant. (rC+)
You are immune to negative energy. (rN+++)
You are immune to unholy pain and torment.
You can survive without breathing.


Message History

The bat barely misses you.
The giant cockroach waves its antennae.
The bat hits you but does no damage.
The jackal stops to sniff the ground.
The bat hits you but does no damage.
Things that are here:
a club; a hobgoblin corpse The bat hits you but does no damage.
Something bites you.
* * * LOW HITPOINT WARNING * * *
There is a stone staircase leading up here.
The bat hits you but does no damage.
The jackal bites you but does no damage.
The jackal barely misses you. Something bites you but does no damage.
You climb upwards.
There is a stone staircase leading down here.
You barely miss the jackal. You hit something.
Reactivating autopickup.
You feel a bit more experienced. The jackal bites you.
You die... "It was about time."

†..##########...)..#
#......... .......#
#....##'##
#.........
##†###.####.#####.#
#.....().. #.#
#.##.........#
#......... #.#
#.##.........#
#......... ##.#
#.##........##
#......... ...#
#.##........#
########## .###
#.##........#
.#####.##......h@#
.#.....##......†.###
.#.######.........!#
.#!# #........#.#
.#.# ####'#.###.#
.#.# #.#.# #.# .#.#
#.#.# #.# ...# #.#.#
#.# .### #.#.###.#


You could see a jackal.

Vanquished Creatures
  An adder (D:2)
  An ooze (D:1)
  A worm (D:1)
  A dart slug (D:1)
  A leopard gecko (D:1)
  2 bats
  2 giant cockroaches
  A goblin (D:1)
  3 hobgoblins
  11 jackals (D:1)
  A quokka (D:1)
  A ball python (D:1)
  3 frilled lizards
  2 kobolds (D:1)
  2 rats (D:1)
33 creatures vanquished.

Notes
Turn   | Place    | Note
-------+----------+-------------------------------------------
     0 | D:1      | Fascinator the Mummy Chaos Knight began the quest for the Orb.
     0 | D:1      | Reached XP level 1. HP: 18/18 MP: 1/1
    15 | D:1      | XOM: silly message
    51 | D:1      | Reached XP level 2. HP: 12/24 MP: 2/2
   128 | D:1      | XOM: divination: detect creatures
   184 | D:1      | XOM: silly message
   189 | D:1      | XOM: harmless Hex miscast
   313 | D:1      | XOM: smoke on damage
   397 | D:1      | Reached skill level 4 in Fighting
   489 | D:1      | Reached XP level 3. HP: 22/30 MP: 3/3
   934 | D:2      | HP: 1/31 [something (3)]
   937 | D:1      | Slain by a jackal

Skill      XL: |  1  2 |
---------------+-------+-----
Fighting       | 4 |  4.7
Axes           | |  2.4
Armour         | |  1.5
Dodging        | |  0.7

Action                   || total
-------------------------++-------
Melee: Hand axe          ||   104
 Stab: Confused          ||     2
       Sleeping          ||     1
Armor: Leather armour    ||    53
Dodge: Dodged            ||    92
